 Dungeon Crawl Stone Soup version 0.27-a0-1147-gb3d8e82157 (webtiles) character file.

Game seed: 14606359053833562870

143065 dolemite99 the Grappler (level 16, 0/246 (247) HPs)
             Began as a Troll Monk on May 11, 2021.
             Was a High Priest of Wu Jian.
             Slain by an alligator (20 damage)
             ... led by an alligator
             ... called by a spriggan druid
             ... called by a spriggan druid
             ... on level 2 of the Swamp.
             The game lasted 01:01:10 (27236 turns).

dolemite99 the Grappler (Troll Monk)               Turns: 27236, Time: 01:01:11

HP:   0/246 (247)   AC: 19    Str: 24    XL:     16   Next: 81%
MP:   25/25         EV: 12    Int: 12    God:    Wu Jian [*****.]
Gold: 1065          SH: 26    Dex: 18    Spells: 10/15 levels left

rFire    + + .     SeeInvis .     - Unarmed
rCold    . . .     Faith    .   I - +2 tower shield
rNeg     . . .     Spirit   .   x - quicksilver dragon scales
rPois    +         Reflect  +   z - +3 hat of Pondering {ponderous, Will+ MP+10 Int+5}
rElec    .         Harm     .   A - +2 cloak
rCorr    +         Rampage  .   (gloves unavailable)
Will     +++..                  (boots unavailable)
Stlth    ..........             g - amulet of reflection
HPRegen  1.51/turn              h - ring of protection from fire
MPRegen  0.19/turn              a - ring "Deomneeh" {rPois rF+ rCorr Dex+3, =R}

@: berserking, lightly drained, very quick
A: large, unfitting armour, claws 3, regeneration 1, shaggy fur 1, tough skin 1
a: Renounce Religion, Wall Jump, Serpent's Lash, Heavenly Storm


You were on level 2 of the Swamp.
You worshipped Wu Jian.
Wu Jian was extremely pleased with you.
You visited 5 branches of the dungeon, and saw 26 of its levels.

You collected 2170 gold pieces.
You spent 1105 gold pieces at shops.

Inventory:

Hand Weapons
 O - the +2 falchion "Qusauxef" {elec, rF+}
   (You found it on level 15 of the Dungeon)

   Occasionally, upon striking a foe, it can discharge electrical energy and
   cause terrible harm.
   It protects you from fire.
Missiles
 b - 11 javelins
 c - 8 curare-tipped darts
 s - 106 poisoned darts
 E - 5 silver javelins
 G - 6 large rocks (quivered)
 K - 3 throwing nets
 W - 29 boomerangs
Armour
 r - +0 swamp dragon scales
 x - quicksilver dragon scales (worn)
 z - the +3 hat of Pondering (worn) {ponderous, Will+ MP+10 Int+5}
   (You took it off Gastronok on level 2 of the Lair of Beasts)

   It affects your intelligence (+5).
   It affects your magic capacity (+10).
   It increases your willpower.
 A - a +2 cloak (worn)
 I - a +2 tower shield (worn)
Magical Staves
 e - a staff of death
 w - a staff of cold
Jewellery
 a - the ring "Deomneeh" (right claw) {rPois rF+ rCorr Dex+3, =R}
   (You found it on level 6 of the Lair of Beasts)

   [ring of resist corrosion]

   It affects your dexterity (+3).
   It protects you from fire.
   It protects you from poison.
   It protects you from acid and corrosion.
 g - an amulet of reflection (around neck)
 h - a ring of protection from fire (left claw)
 l - the ring "Nirinat" {Ice Dex+2}
   (You found it on level 6 of the Lair of Beasts)

   [ring of ice]

   It enhances your ice magic.
   It affects your dexterity (+2).
   It makes you vulnerable to fire.
   It protects you from cold.
 D - a ring of positive energy
 Q - a ring of wizardry
 R - a +4 ring of evasion
 Z - the amulet "Yfaon" {RegenMP Harm rC+}
   (You found it on level 4 of the Lair of Beasts)

   [amulet of magic regeneration]

   It increases your rate of magic regeneration.
   It protects you from cold.
   It increases damage dealt and taken.
Wands
 d - a wand of charming (22)
 k - a wand of iceblast (5)
 p - a wand of paralysis (23)
 q - a wand of digging (26)
 u - a wand of polymorph (8)
 L - a wand of acid (5)
 V - a wand of flame (28)
Scrolls
 m - 6 scrolls of teleportation
 n - a scroll of holy word
 v - 4 scrolls of identify {@r1}
 C - 4 scrolls of magic mapping
 H - a scroll of vulnerability
 N - 4 scrolls of fog
 S - 3 scrolls of silence
Potions
 f - 3 potions of flight
 i - 3 potions of lignification
 j - 5 potions of curing
 o - 2 potions of cancellation
 B - a potion of ambrosia
 F - 2 potions of magic
 J - 3 potions of brilliance
 M - 3 potions of attraction
 T - 2 potions of haste
 X - a potion of invisibility
 Y - a potion of might
Miscellaneous
 t - a tin of tremorstones (1/2)
 y - a box of beasts (inert)


   Skills:
 - Level 12.0 Fighting
 - Level 10.6 Throwing
 - Level 6.0 Armour
 - Level 9.0 Dodging
 - Level 1.0 Stealth
 - Level 10.8 Shields
 + Level 14.8 Unarmed Combat
 - Level 6.7 Evocations


You had 10 spell levels left.
You knew the following spells:

 Your Spells              Type           Power      Damage    Failure   Level
a - Animate Skeleton      Necr           0%         N/A       77%         1
b - Blink                 Tloc           N/A        N/A       88%         2
c - Call Imp              Summ           0%         N/A       88%         2

Your spell library contained the following spells:

 Spells                   Type           Power      Damage    Failure   Level
 Freeze                   Ice            0%         1d3       77%         1
 Magic Dart               Conj           0%         1d3       77%         1
 Pain                     Necr           0%         1d4       77%         1
 Slow                     Hex            0%         N/A       88%         2
 Conjure Flame            Conj/Fire      0%         6-21      98%         3
 Frozen Ramparts          Ice            0%         1d2       98%         3
 Mephitic Cloud           Conj/Pois/Air  0%         N/A       98%         3
 Ozocubu's Armour         Ice            0%         N/A       98%         3
 Vampiric Draining        Necr           0%         2d6       98%         3
 Animate Armour           Summ/Erth      0%         N/A       100%        4
 Animate Dead             Necr           0%         N/A       100%        4
 Hailstorm                Conj/Ice       0%         3d3       100%        4
 Leda's Liquefaction      Hex/Erth       0%         N/A       100%        4
 Agony                    Necr           0%         N/A       100%        5
 Bolt of Magma            Conj/Fire/Erth 0%         4d4       100%        5
 Metabolic Englaciation   Hex/Ice        0%         N/A       100%        5
 Iron Shot                Conj/Erth      0%         9d1       100%        6
 Statue Form              Tmut/Erth      0%         N/A       100%        6
 Shatter                  Erth           0%         3d5*      100%        9


Dungeon Overview and Level Annotations

Branches:
Dungeon (15/15)            Temple (0/1) D:6            Lair (6/6) D:9
  Swamp (2/4) Lair:2       Spider (1/4) Lair:4        Slime (0/5) Lair:5
    Orc (2/2) D:12            Elf (0/3) Orc:2        Vaults (0/5) D:14
 Depths (0/5) D:15

Altars:
Ashenzari
Gozag
Kikubaaqudgha
Trog
Uskayaw
Vehumet
Wu Jian
Xom
Beogh

Shops:
D:10 ?   Orc:2 [[([

Portals:
Trove: D:15 (give 6 scrolls of fear)

Annotations:
D:13 3 runed translucent doors, leviel's ghost, journeyman MiFi
Lair:2 1 runed translucent door
Lair:4 exclusion: 2 oklob plants
Spider:1 Nikola; Rupert


Innate Abilities, Weirdness & Mutations

You are too large for most types of armour.
You have claws for hands.
Your natural rate of healing is unusually fast.
You are covered in fur. (AC +1)
You have tough skin. (AC +1)


Message History

You see here a goliath frog corpse.
You mangle the alligator!!
The alligator is heavily wounded.
The alligator bites you. You block the alligator's attack. x2
The alligator tail-slaps you but does no damage.
You claw the alligator!
The alligator is severely wounded.
You block the alligator's attack. x2; The alligator bites you!!
You block the alligator's attack. The alligator bites you.
The alligator tail-slaps you but does no damage.
You claw the alligator!
The alligator is lightly wounded.
You block the alligator's attack. The alligator tail-slaps you!
* * * LOW HITPOINT WARNING * * *
The alligator completely misses you. You block the alligator's attack.
A red film seems to cover your vision as you go berserk!
You feel yourself moving faster!
You feel mighty!
You block the alligator's attack. x3; The alligator misses you.
You mangle the alligator!!
The alligator is heavily wounded.
You block the alligator's attack. x2; The alligator bites you!!
* * * LOW HITPOINT WARNING * * *
The alligator tail-slaps you.
* * * LOW HITPOINT WARNING * * *
You claw the alligator!
The alligator is severely wounded.
You block the alligator's attack. x3; The alligator barely misses you.
You barely miss the alligator.
The alligator is severely wounded.
The alligator slows down.
You scratch the alligator.
The alligator is almost dead.
You block the alligator's attack. The alligator tail-slaps you!
* * * LOW HITPOINT WARNING * * *
You block the alligator's attack. The alligator tail-slaps you!
* * * LOW HITPOINT WARNING * * *
You closely miss the alligator.
The alligator is almost dead.
You block the alligator's attack. x2; The alligator bites you!!
You die...

≈.≈♣≈.≈≈.≈≈.♣..≈
..≈≈≈≈≈..≈≈...≈.♣♣≈[
♣♣≈.≈≈≈≈≈.≈≈≈≈≈≈†..≈.≈
♣♣♣≈...≈≈≈≈.♣≈..≈≈≈§...≈
♣..>.♣t≈≈≈≈.♣♣♣..≈.≈.♣≈.
♣.≈..≈≈.....♣♣...†..♣♣♣♣
♣♣...≈≈.≈≈≈...♣...≈.♣♣ ♣
♣§...≈≈≈.≈♣...♣...≈≈♣
♣...≈≈≈@♣♣≈≈...♣.§..≈≈≈♣
♣♣♣...tt♣♣.....♣♣...≈≈≈≈
♣≈...)≈≈≈..♣♣♣♣♣......
♣≈.....≈≈♣♣♣ ♣♣....
♣♣♣≈.≈♣≈♣♣ ♣≈.♣ ♣♣♣♣♣♣♣
♣♣♣


You could see 3 alligators.

Vanquished Creatures
  Gastronok (Lair:2)
  Donald (Swamp:2)
  A fenstrider witch (Swamp:2)
  An orc warlord (Orc:2)
  An entropy weaver (Spider:1)
  3 eleionomae
  8 slime creatures
  14 hydras
  3 boulder beetles
  2 ice dragons (D:15)
  An ogre mage (D:15)
  A ghost crab (Swamp:2)
  2 catoblepae (Lair:6)
  Erica (D:9)
  2 alligators (Swamp:2)
  9 two-headed ogres
  4 centaur warriors
  5 death yaks (Lair:6)
  Urug (D:12)
  2 tengu warriors (D:14)
  An orc high priest (Orc:2)
  3 skeletal warriors (D:13)
  A fire crab (shapeshifter) (D:15)
  A shadow wraith (D:14)
  4 goliath frogs
  4 bog bodies
  5 spriggan druids
  A deep troll (D:13)
  4 swamp dragons
  2 orc knights
  Pikel (D:4)
  An orc sorcerer (Orc:2)
  7 ugly things
  3 manticores
  2 wolf spiders (Lair:4)
  2 deep elf pyromancers
  2 cyclopes
  2 will-o-the-wisps
  3 black mambas
  18 elephants
  2 gargoyles (D:13)
  A guardian serpent (D:13)
  8 cane toads
  4 rime drakes
  Psyche (D:9)
  4 kobold demonologists
  7 komodo dragons
  A freezing wraith (D:15)
  8 trolls
  4 tyrant leeches
  9 polar bears
  10 hornets
  2 jumping spiders (Spider:1)
  A bloated husk (Swamp:2)
  A hornet (shapeshifter) (D:15)
  7 dream sheep (Lair:6)
  A meliai zombie (D:11)
  13 blink frogs (Lair:4)
  A redback (Lair:4)
  Sigmund (D:4)
  3 shadows
  A tarantella (Spider:1)
  18 spriggans
  A redback (shapeshifter) (D:14)
  6 wyverns
  A wraith (D:13)
  12 yaks
  A wyvern (shapeshifter) (D:14)
  Grum (D:9)
  A golden eye (shapeshifter) (D:15)
  8 basilisks
  A steam dragon (D:8)
  12 vampire mosquitoes
  5 swamp worms
  6 wargs
  An acid dragon (D:9)
  13 water moccasins
  Duvessa (D:5)
  38 orc warriors
  A hornet zombie (D:5)
  A swamp drake (Swamp:2)
  29 wolves
  3 boggarts (Lair:6)
  2 ogres
  7 centaurs
  A lemure (D:4)
  4 kobold brigands
  Blork the orc (D:5)
  11 bullfrogs
  A gnoll sergeant (D:7)
  2 scorpions (D:5)
  A water moccasin skeleton (D:4)
  Dowan (D:5)
  10 killer bees
  5 wights (D:6)
  13 electric eels
  4 howler monkeys
  2 centaur zombies
  17 jellies
  2 bullfrog zombies (D:6)
  A bullfrog skeleton (D:5)
  2 gnoll shamans
  15 orc priests
  3 hounds
  A centaur skeleton (D:6)
  Crazy Yiuf (D:4)
  Natasha (thrice) (D:2)
  2 iguanas
  28 orc wizards
  A scorpion zombie (D:5)
  6 hell rats (Lair:4)
  2 howler monkey zombies
  Robin (D:4)
  7 adders
  18 gnolls
  A white imp (D:7)
  An adder skeleton (D:5)
  3 worms
  3 dart slugs
  99 orcs
  10 endoplasms
  5 giant cockroaches
  12 goblins
  9 hobgoblins
  12 jackals
  20 kobolds
  3 quokkas
  6 ball pythons
  4 frilled lizards
  6 rats
749 creatures vanquished.

Vanquished Creatures (collateral kills)
  A hornet (Swamp:2)
  A spriggan (Swamp:2)
  A vampire mosquito (Swamp:2)
3 creatures vanquished.

Vanquished Creatures (others)
  A deep elf pyromancer (D:15)
  A troll (D:11)
  A bloated husk (Swamp:1)
  An orc warrior (D:15)
  A centaur (D:11)
  A gnoll sergeant (D:11)
  An orc wizard (D:11)
  6 foxfires
  39 fungi
  24 plants
  7 toadstools (Lair:2)
83 creatures vanquished.

Grand Total: 835 creatures vanquished

Notes
Turn   | Place    | Note
-------+----------+-------------------------------------------
     0 | D:1      | dolemite99 the Troll Monk began the quest for the Orb.
     0 | D:1      | Reached XP level 1. HP: 22/22 MP: 0/0
   101 | D:1      | Reached XP level 2. HP: 24/29 MP: 1/1
   247 | D:1      | Reached skill level 4 in Unarmed Combat
   349 | D:1      | Reached XP level 3. HP: 36/36 MP: 2/2
   401 | D:1      | Found a faded altar of an unknown god.
   542 | D:1      | Became a worshipper of the Wu Jian Council
   542 | D:1      | Reached * piety under Wu Jian
   542 | D:1      | Reached ** piety under Wu Jian
   766 | D:2      | Noticed Natasha
   771 | D:2      | Killed Natasha
   771 | D:2      | Reached *** piety under Wu Jian
   772 | D:2      | Reached XP level 4. HP: 44/44 MP: 3/3
   779 | D:2      | Reached skill level 5 in Unarmed Combat
   873 | D:2      | Noticed Natasha
   879 | D:2      | Killed Natasha
  1190 | D:2      | Reached XP level 5. HP: 50/50 MP: 4/4
  1250 | D:2      | Noticed Natasha
  1256 | D:2      | Killed Natasha
  1257 | D:2      | Reached skill level 6 in Unarmed Combat
  1834 | D:3      | Reached **** piety under Wu Jian
  1855 | D:3      | Found an opulent altar of Gozag.
  1856 | D:3      | Found an ancient bone altar of Kikubaaqudgha.
  1866 | D:3      | Found a radiant altar of Vehumet.
  2088 | D:3      | Found a bloodstained altar of Trog.
  2446 | D:4      | Reached XP level 6. HP: 59/59 MP: 5/5
  2469 | D:4      | Noticed Robin
  2479 | D:4      | Killed Robin
  2521 | D:4      | Noticed Pikel
  2562 | D:4      | Killed Pikel
  2563 | D:4      | Reached XP level 7. HP: 66/66 MP: 6/6
  2854 | D:4      | Noticed Sigmund
  2884 | D:4      | Killed Sigmund
  2885 | D:4      | Reached skill level 5 in Shields
  2885 | D:4      | Reached skill level 7 in Unarmed Combat
  3685 | D:4      | Found a runed translucent door.
  3686 | D:4      | Noticed Crazy Yiuf
  3692 | D:4      | Killed Crazy Yiuf
  3693 | D:4      | Reached XP level 8. HP: 74/74 MP: 7/7
  3930 | D:5      | Entered Level 5 of the Dungeon
  3968 | D:5      | Noticed Blork the orc
  3977 | D:5      | Killed Blork the orc
  4080 | D:5      | Reached skill level 8 in Unarmed Combat
  4286 | D:5      | Noticed Dowan
  4287 | D:5      | Noticed Duvessa
  4289 | D:5      | Killed Dowan
  4300 | D:5      | Killed Duvessa
  4301 | D:5      | Reached skill level 9 in Unarmed Combat
  4698 | D:5      | Reached ***** piety under Wu Jian
  5076 | D:6      | Identified the +6 mace of Igittoum {freeze, rN+ Str+4 Int+2
                  | Dex-4}
  5268 | D:6      | Reached XP level 9. HP: 82/84 MP: 8/8
  5291 | D:6      | Reached skill level 1 in Armour
  5559 | D:6      | Found a staircase to the Ecumenical Temple.
  6618 | D:8      | Reached skill level 1 in Evocations
  7097 | D:8      | Identified the +7 spear of Ittumam {flame, Dex+4}
  7575 | D:9      | Noticed Psyche
  7590 | D:9      | Killed Psyche
  7690 | D:9      | Noticed Erica
  7785 | D:9      | Found a staircase to the Lair.
  7967 | D:9      | Reached XP level 10. HP: 91/94 MP: 9/9
  8070 | D:9      | Reached XP level 11. HP: 101/101 MP: 10/10
  8071 | D:9      | Reached XP level 12. HP: 109/109 MP: 11/11
  8170 | D:9      | Killed Erica
  8185 | D:9      | Noticed Grum
  8197 | D:9      | Killed Grum
  8614 | D:10     | Entered Level 10 of the Dungeon
  8620 | D:10     | Found Kawaesos's Magic Scroll Shoppe.
  8685 | D:10     | Bought a scroll of enchant armour for 120 gold pieces
  8685 | D:10     | Bought a scroll of enchant armour for 120 gold pieces
  8743 | D:10     | Bought a scroll of fog for 32 gold pieces
  8743 | D:10     | Bought a scroll of identify for 32 gold pieces
  8743 | D:10     | Bought a scroll of identify for 32 gold pieces
  8984 | D:10     | Reached skill level 5 in Fighting
  9903 | Lair:1   | Entered Level 1 of the Lair of Beasts
 10025 | Lair:1   | Noticed an eight-headed hydra
 10038 | Lair:1   | Killed a nine-headed hydra
 10325 | Lair:1   | Reached skill level 5 in Evocations
 11106 | Lair:2   | Identified the ring "Efenur" {Contam rCorr Str+6 SInv}
 11129 | Lair:2   | Reached skill level 5 in Throwing
 11270 | Lair:2   | Found a hide-covered altar of Uskayaw.
 11437 | Lair:2   | Found a staircase to the Swamp.
 11442 | Lair:2   | Noticed a six-headed hydra
 11451 | Lair:2   | Noticed a four-headed hydra
 11453 | Lair:2   | Killed a six-headed hydra
 11459 | Lair:2   | Killed a four-headed hydra
 11586 | Lair:2   | Noticed Gastronok
 11609 | Lair:2   | Reached XP level 13. HP: 51/128 MP: 12/12
 11618 | Lair:2   | Killed Gastronok
 12449 | Lair:2   | Noticed a dire elephant
 12470 | Lair:2   | Found a runed translucent door.
 12536 | Lair:3   | Found an ornate altar of the Wu Jian Council.
 12727 | Lair:3   | Reached XP level 14. HP: 137/140 MP: 13/13
 12800 | Lair:3   | Found a hide-covered altar of Uskayaw.
 13640 | Lair:4   | Reached skill level 10 in Unarmed Combat
 13667 | Lair:4   | Found a hole to the Spider Nest.
 13953 | Lair:4   | Identified the amulet "Yfaon" {RegenMP Harm rC+}
 14032 | Lair:4   | Reached skill level 11 in Unarmed Combat
 14775 | Lair:5   | Found the +8 storm bow {elec, penet}
 14790 | Lair:5   | Found a staircase to the Slime Pits.
 14923 | Lair:5   | Identified the ring "Zacekig" {Fire *Slow Str+4 Int+8
                  | Dex-4}
 15055 | Lair:5   | Reached skill level 12 in Unarmed Combat
 15506 | Lair:6   | Entered Level 6 of the Lair of Beasts
 16085 | Lair:6   | Identified the ring "Nirinat" {Ice Dex+2}
 16097 | Lair:6   | Learned a level 1 spell: Animate Skeleton
 16100 | Lair:6   | Learned a level 2 spell: Blink
 16103 | Lair:6   | Learned a level 2 spell: Call Imp
 16372 | Lair:6   | Reached skill level 10 in Shields
 16372 | Lair:6   | Reached XP level 15. HP: 146/146 MP: 14/14
 17047 | Lair:6   | Paralysed by a hornet for 1 turns
 17172 | Lair:6   | Identified the ring "Deomneeh" {rPois rF+ rCorr Dex+3}
 17519 | D:11     | Found a shimmering altar of Xom.
 17807 | D:11     | Reached skill level 10 in Fighting
 18466 | D:12     | Found a staircase to the Orcish Mines.
 18621 | D:12     | Noticed Urug
 18628 | D:12     | Killed Urug
 19698 | D:13     | Reached skill level 5 in Armour
 19774 | D:13     | Found a runed translucent gate.
 19774 | D:13     | Found a runed translucent gate.
 19774 | D:13     | Found a runed translucent gate.
 19786 | D:13     | Noticed leviel's ghost (journeyman MiFi)
 20166 | Orc:1    | Entered Level 1 of the Orcish Mines
 20385 | Orc:2    | Entered Level 2 of the Orcish Mines
 20620 | Orc:2    | Found Xettuit's Antique Armour Boutique.
 20653 | Orc:2    | Bought a glowing cloak for 210 gold pieces
 20653 | Orc:2    | Bought a chain mail for 126 gold pieces
 21243 | Orc:2    | Found a staircase to the Elven Halls.
 21386 | Orc:2    | Found Idanayzil's Antique Armour Shop.
 21422 | Orc:2    | Bought a glowing scarf for 208 gold pieces
 21986 | Orc:2    | Noticed an orc warlord
 21999 | Orc:2    | Killed an orc warlord
 22030 | Orc:2    | Found Teic's Antique Armour Boutique.
 22042 | Orc:2    | Found Dohut's Antique Weapon Shop.
 22068 | Orc:2    | Bought a slimy whip for 225 gold pieces
 22068 | Orc:2    | Identified the +9 whip of the Equator {vorpal, Contam Str+3
                  | Int+2} (You bought it in a shop on level 2 of the Orcish
                  | Mines)
 22860 | D:14     | Found a broken altar of Ashenzari.
 23091 | D:14     | Reached XP level 16. HP: 162/162 MP: 15/15
 23307 | D:14     | Found a gate to the Vaults.
 23636 | D:15     | Entered Level 15 of the Dungeon
 24070 | D:15     | Reached skill level 10 in Throwing
 24070 | D:15     | Reached skill level 13 in Unarmed Combat
 24317 | D:14     | Upgraded the game from 0.27-a0-1144-g0b7d3b79db to
                  | 0.27-a0-1147-gb3d8e82157
 24369 | D:15     | Found a staircase to the Depths.
 24468 | D:15     | Identified the +2 falchion "Qusauxef" {elec, rF+}
 24869 | D:15     | Found a portal to a secret trove of treasure.
 25122 | Spider:1 | Entered Level 1 of the Spider Nest
 25158 | Spider:1 | Noticed Nikola
 25162 | Spider:1 | Noticed Rupert
 25504 | Swamp:1  | Entered Level 1 of the Swamp
 26624 | Swamp:2  | Reached skill level 14 in Unarmed Combat
 26748 | Swamp:2  | Paralysed by a fenstrider witch for 5 turns
 26941 | Swamp:2  | Noticed Donald
 26956 | Swamp:2  | Killed Donald
 27236 | Swamp:2  | Slain by an alligator

Illustrated notes

Levels and vault maps discovered:
D:1:      dpeg_arrival_court, layout_rooms, shapermc_ecumenical_altar_gd,
          item_on_display_a
D:2:      layout_basic, grunt_ministairs_15, minmay_pentomino_u2, uniq_natasha
D:3:      layout_basic, grunt_temple_overflow_open, bloody_trog
D:4:      layout_basic, uniq_crazy_yiuf_cottage, uniq_robin, uniq_sigmund,
          uniq_pikel
D:5:      layout_loops_ring, serial_bayou_pond_b, uniq_blork_the_orc,
          uniq_duvessa
D:6:      layout_basic, minmay_temple_entry_poolview, nicolae_sextant
D:7:      layout_rooms
D:8:      layout_loops_ring, st_stairs_8
D:9:      layout_irregular_city, lair_entry_dummy, kennysheep_generic_room_5,
          uniq_erica, uniq_grum, uniq_psyche
D:10:     layout_basic, serial_shops, nicolae_shop_statue_plus
D:11:     layout_cave_pools, xom_confusion_cloud
D:12:     layout_roguey, orc_0_dummy, uniq_urug
D:13:     layout_basic, gammafunk_ghost_split, nrook_guardian_serpent_double
D:14:     layout_big_octagon, david_vaults_4, minivault_27, minivault_4,
          ashenzari_conservatory_becter
D:15:     grunt_enter_depths_hoard, layout_loops_ring, serial_glass,
          glass_columns_b, glass_columns_a, glass_columns_a, glass_columns_b,
          glass_columns_a, glass_columns_a, glass_columns_a, glass_columns_b,
          glass_columns_a, glass_columns_b, glass_columns_a, glass_columns_c,
          glass_columns_a, glass_columns_b, due_unseen_surprise,
          minmay_strange_pillars, minivault_24, trove_entry_hex_spiral
Lair:1:   layout_regular_city, serial_bayou_shore_a, infiniplex_staircase_pool_2
Lair:2:   gammafunk_lair_enchanted_lake, layout_regular_city,
          skrybe_swamp_entry_bodies, basic_altar, uniq_gastronok
Lair:3:   layout_regular_city, nicolae_quartered_pool_super,
          nzn_masters_of_martial_movement
Lair:4:   layout_cave_pods, spider_nest_entry_web_field, gauntlet_entry_generic,
          special_room [special_room_mythical_zoo], grunt_megastairs_2,
          minmay_lair_oklob_chamber, infiniplex_staircase_pool
Lair:5:   layout_regular_city, minmay_slime_entry_jelly_boxes
Lair:6:   minmay_lair_end_enchanted_forest, layout_hall_layers, minivault_26,
          minivault_25
Swamp:1:  layout_basic_swamp, evilmike_swamp_ruin_rubble_2
Swamp:2:  layout_basic_swamp, evilmike_swamp_ruin_house_6, swamp_pool4,
          uniq_donald
Spider:1: layout_spider_delve, uniq_jorgrun, uniq_rupert, uniq_nikola
Orc:1:    layout_caves, basic_altar
Orc:2:    grunt_orc_community_town_hall, layout_diamond_mine,
          grunt_orc_community_big_house_1, grunt_orc_community_big_house_1,
          grunt_orc_community_house_1, grunt_orc_community_house_1,
          grunt_orc_community_house_3, grunt_orc_community_house_2,
          grunt_orc_community_house_1, grunt_orc_community_house_2, basic_altar,
          nooodl_orcs_dogs

Skill      XL: |  1  2  3  4  5  6  7  8  9 10 11 12 13 14 15 16 |
---------------+-------------------------------------------------+-----
Unarmed Combat | 4 5 6 7 9 12 14 | 14.8
Shields        | 4 5 9 10 | 10.8
Fighting       | 4 8 9 11 12 | 12.0
Armour         | 3 4 6 |  6.0
Evocations     | 4 6 |  6.7
Throwing       | 3 6 9 10 | 10.6
Dodging        | 9 |  9.0
Stealth        | |  1.0

Action                   |  1- 3 |  4- 6 |  7- 9 | 10-12 | 13-15 | 16-18 || total
-------------------------+-------+-------+-------+-------+-------+-------++-------
Melee: Unarmed           |    91 |   146 |   344 |   193 |  1313 |   351 ||  2438
       Staff             |       |       |       |       |       |     1 ||     1
Throw: Stone             |     9 |    14 |    32 |     3 |    15 |       ||    73
       Dart              |       |       |    22 |     4 |    77 |     4 ||   107
       Javelin           |       |       |       |    22 |    76 |    36 ||   134
       Boomerang         |       |       |       |       |   122 |       ||   122
       Throwing net      |       |       |       |       |     1 |       ||     1
       Large rock        |       |       |       |       |       |    30 ||    30
Invok: Whirlwind         |     1 |    13 |    23 |    28 |   114 |    29 ||   208
       Lunge             |       |    12 |    21 |     4 |    34 |     6 ||    77
       Serpent's Lash    |       |       |       |     2 |     1 |       ||     3
       Heavenly Storm    |       |       |       |       |     7 |       ||     7
Evoke: Wand              |       |       |       |    63 |    62 |    20 ||   145
       Tin of tremorston |       |       |       |       |       |     2 ||     2
       Box of beasts     |       |       |       |       |       |     1 ||     1
  Use: Potion            |       |       |     4 |     4 |     3 |     5 ||    16
       Scroll            |       |       |     9 |    12 |    16 |     4 ||    41
 Stab: Sleeping          |     2 |     1 |     2 |     1 |     1 |       ||     7
       Petrified         |       |       |       |       |     1 |       ||     1
       Paralysed         |       |       |       |       |     6 |     5 ||    11
Armor: Robe              |    20 |    21 |     7 |       |       |       ||    48
       Quicksilver drago |       |       |    46 |    31 |   285 |   103 ||   465
       Skin              |       |       |       |       |    12 |       ||    12
Dodge: Dodged            |    29 |    37 |    86 |    77 |   491 |   119 ||   839
Block: Other             |       |    17 |       |       |       |       ||    17
       Kite shield       |       |    24 |   194 |    16 |       |       ||   234
       Reflection        |       |       |    12 |     1 |    38 |    21 ||    72
       Tower shield      |       |       |       |   169 |  1651 |   472 ||  2292

Table legend: (Time is in decaauts)
 A = Elapsed time spent in this place.
 B = Non-inter-level travel time spent in this place.
 C = Inter-level travel time spent in this place.
 D = Time resting spent in this place.
 E = Time spent auto-exploring this place.
 F = Levels seen in this place.
 G = Mean time per level.
                   A        B        C        D        E       F      G
               +--------+--------+--------+--------+--------+-----+--------+
         Total |  28410 |  26322 |   2088 |   4590 |  14487 |  26 | 1092.7 |
       Dungeon |  16012 |  14601 |   1411 |   2244 |   8619 |  15 | 1067.5 |
          Lair |   8724 |   8183 |    541 |   1936 |   4179 |   6 | 1454.0 |
         Swamp |   1539 |   1492 |     47 |    356 |    609 |   2 |  769.5 |
   Spider Nest |     39 |     39 |      0 |      0 |      3 |   1 |   39.0 |
  Orcish Mines |   2094 |   2006 |     88 |     54 |   1075 |   2 | 1047.0 |
               +--------+--------+--------+--------+--------+-----+--------+

Top non-repeatable levels by time:
  Lair:4: 2008 daAuts
  Lair:2: 1930 daAuts
    D:13: 1892 daAuts
  Lair:6: 1870 daAuts
   Orc:2: 1750 daAuts
    D:10: 1586 daAuts
     D:4: 1507 daAuts
  Lair:1: 1251 daAuts
     D:6: 1228 daAuts
     D:9: 1216 daAuts
    D:15: 1214 daAuts
     D:3: 1027 daAuts
     D:8: 962 daAuts
    D:14: 957 daAuts
     D:5: 916 daAuts
